 Dungeon Crawl Stone Soup version 0.29-a0-1065-g47a6bb87d6 (webtiles) character file.

Game seed: 10269865695672805165

11768 Newt the Cleaver (level 11, -4/115 HPs)
             Began as a Demonspawn Gladiator on Aug 18, 2022.
             Was a High Priest of Trog.
             Slain by a two-headed ogre
             ... wielding a +0 giant club
              (9 damage)
             ... on level 11 of the Dungeon.
             The game lasted 00:19:10 (11167 turns).

Newt the Cleaver (Demonspawn Gladiator)            Turns: 11167, Time: 00:19:10

Health: -4/115     AC: 25    Str: 24 (26) XL:     11   Next: 53%
Magic:  20/20      EV:  2    Int:  6 (9)  God:    Trog [*****.]
Gold:   721        SH: 14    Dex: 15 (16) Spells: 10/10 levels left

rFire   . . .      SeeInvis .   q - +2 broad axe (vamp)
rCold   . . .      Faith    .   r - +0 kite shield
rNeg    . . .      Spirit   .   (body armour currently unavailable)
rPois   +          Reflect  +   (helmet currently unavailable)
rElec   .          Harm     .   (cloak currently unavailable)
rCorr   .          Rampage  .   (gloves currently unavailable)
Will    .....      NoTele   +   (boots currently unavailable)
Stlth   +++.......              A - amulet of reflection
HPRegen 0.29/turn               p - ring of magical power
MPRegen 0.17/turn               L - +6 ring of strength

@: tree-form
A: stationary, stasis, torment immunity, boosted hp, (slimy green scales 1),
powered by death 1, (spiny 2), (demonic touch 1), thin skeletal structure 1
a: Renounce Religion, Berserk, Trog's Hand, Brothers in Arms


You were on level 11 of the Dungeon.
You worshipped Trog.
Trog was extremely pleased with you.
You were a tree.
You visited 1 branch of the dungeon, and saw 11 of its levels.

You collected 721 gold pieces.

Inventory:

Hand Weapons
 q - a +2 vampiric broad axe (weapon)
 J - a +5 war axe
Missiles
 d - 2 throwing nets (quivered)
 e - 12 javelins
 C - 10 boomerangs
 M - a curare-tipped dart
 N - 23 poisoned darts
Armour
 c - a +0 helmet (melded)
 o - +0 ice dragon scales (melded)
 r - a +0 kite shield (worn)
 y - a +0 pair of boots (melded)
 B - a +2 leather armour of poison resistance
 K - a +2 cloak (melded)
 W - a +0 troll leather armour
 Y - a +2 plate armour of cold resistance
Jewellery
 p - a ring of magical power (left branch)
 A - an amulet of reflection (around neck)
 E - an amulet of the acrobat
 L - a +6 ring of strength (right branch)
 V - a +4 ring of evasion
Wands
 a - a wand of iceblast (5)
 z - a wand of digging (10)
 D - a wand of paralysis (5)
 G - a wand of quicksilver (11)
 X - a wand of mindburst (7)
Scrolls
 f - 4 scrolls of teleportation
 k - 4 scrolls of magic mapping
 Q - a scroll of summoning {unknown}
 S - a scroll of fear {unknown}
 U - 2 scrolls of poison
 Z - a scroll of enchant armour {unknown}
Potions
 i - 2 potions of curing
 l - a potion of mutation
 s - 2 potions of lignification
 v - a potion of ambrosia {unknown}
 x - 2 potions of flight
 F - 2 potions of degeneration
 H - a potion of resistance
 O - a potion of haste {unknown}
 P - a potion of invisibility {unknown}
 R - a potion of might {unknown}


   Skills:
 - Level 4.0 Fighting
 - Level 4.9 Short Blades
 + Level 11.6 Axes
 - Level 1.7 Throwing
 - Level 8.0 Armour
 - Level 2.6 Dodging
 - Level 2.0 Stealth
 - Level 5.0 Shields
 - Level 6.0 Evocations


You had 10 spell levels left.
You didn't know any spells.
Your spell library contained the following spells:

 Spells                   Type           Power      Damage    Failure   Level
 Animate Dead             Necr           0%         N/A       100%        4
 Haunt                    Necr/Summ      0%         N/A       100%        7
 Infestation              Necr           0%         N/A       100%        8


Dungeon Overview and Level Annotations

Branches:
Dungeon (11/15)            Temple (0/1) D:5            Lair (0/5) D:10
    Orc (0/2) D:9

Altars:
Hepliaklqana
Okawaru
Ru
Sif Muna
Trog
Vehumet
Xom


Innate Abilities, Weirdness & Mutations

You are a tree.
Your roots penetrate the ground, keeping you stationary.
You cannot be teleported.
You are immune to unholy pain and torment.
Your maximum health is greatly increased.
Your equipment is partially melded.
((You are partially covered in slimy green scales. (AC +2)))
You regenerate a little health from kills.
((You are mostly covered in sharp spines.))
((Your touch may inflict minor irresistible damage on your foes.))
You have a somewhat thin skeletal structure. (Dex +2, Stealth+)


Message History

As you read the scroll of blinking, it crumbles to dust.
You feel yourself speed up.
It was a potion of degeneration.
There was something very wrong with that liquid.
You feel weakened.
You feel dopey.
You feel clumsy.
It was a potion of resistance.
You feel protected.
It was a potion of cancellation.
Your magical effects are unravelling.
You feel magically purged.
Your resistance to elements expires.
Really quaff the potion of lignification?
You turn into a tree.
Your +2 cloak melds into your body.
Your +0 helmet melds into your body.
Your +0 pair of boots melds into your body.
Your +0 ice dragon scales melds into your body.
Your roots penetrate the ground.
Unknown command.
You slice the two-headed ogre!!
You feel better.
The two-headed ogre is moderately wounded.
The two-headed ogre completely misses you.
The two-headed ogre hits you with a +0 giant club.
You hit the two-headed ogre.
You feel better.
The two-headed ogre is heavily wounded.
The two-headed ogre hits you with a +0 giant club!!
* * * LOW HITPOINT WARNING * * *
The two-headed ogre hits you but does no damage.
You slash the two-headed ogre!
The two-headed ogre is severely wounded.
You block the two-headed ogre's attack.
The two-headed ogre hits you with a +0 giant club!
* * * LOW HITPOINT WARNING * * *
Unknown command.
You completely miss the two-headed ogre.
The two-headed ogre is severely wounded.
Unknown command.
You slash the two-headed ogre!
The two-headed ogre is almost dead.
The two-headed ogre hits you with a +0 giant club!
You die...

#############################
................♣OTH........#
................##T.#.......#
................##..#.......#
................##..#.......#
................##..#.......#
................##..#.O.....#
..>.............##..#.T.....#
.......)........##..#.......#
................##..#.......#


You could see a two-headed ogre, a manticore and 2 trolls.

Vanquished Creatures
  A two-headed ogre (D:10)
  Pikel (D:9)
  A manticore (D:11)
  A cyclops (D:11)
  2 kobold demonologists (D:7)
  Psyche (D:11)
  A troll (D:9)
  2 hornets
  Prince Ribbit (D:5)
  A shadow (D:10)
  2 wyverns
  14 yaks
  A wraith (D:11)
  An acid dragon (D:11)
  An ice beast (D:8)
  3 black bears
  2 sky beasts
  6 orc warriors
  4 centaurs
  3 ogres
  A phantom (D:6)
  4 lemures (D:9)
  4 kobold brigands
  3 bullfrogs
  A gnoll sergeant (D:9)
  2 necrophages
  4 scorpions
  14 wights
  21 killer bees
  2 electric eels (D:7)
  A howler monkey (D:10)
  5 hounds
  7 orc priests
  3 jellies
  2 gnoll boudas
  2 iguanas
  12 orc wizards
  Ijyb (D:3)
  23 gnolls
  9 adders
  3 white imps
  2 ufetubi (D:4)
  A worm (D:3)
  A dart slug (D:2)
  48 orcs
  An endoplasm (D:1)
  5 giant cockroaches
  7 goblins
  8 hobgoblins
  12 jackals
  2 quokkas
  5 ball pythons
  4 bats
  5 frilled lizards
  19 kobolds
  A rat (D:2)
294 creatures vanquished.

Vanquished Creatures (others)
  A fungus (D:9)
  41 plants
42 creatures vanquished.

Grand Total: 336 creatures vanquished

Notes
Turn   | Place    | Note
-------+----------+-------------------------------------------
     0 | D:1      | Newt the Demonspawn Gladiator began the quest for the Orb.
     0 | D:1      | Reached XP level 1. HP: 16/16 MP: 1/1
   203 | D:1      | Reached skill level 1 in Stealth
   483 | D:1      | Gained mutation: You are partially covered in sharp spines.
                  | [demonic ancestry]
   483 | D:1      | Reached XP level 2. HP: 22/22 MP: 2/2
  1223 | D:2      | Found a faded altar of an unknown god.
  1236 | D:2      | Prayed at the altar of an unknown god.
  1236 | D:2      | Became a worshipper of Trog the Wrathful
  1236 | D:2      | Reached * piety under Trog
  1404 | D:2      | Reached XP level 3. HP: 28/28 MP: 3/3
  1631 | D:2      | Gained mutation: You are mostly covered in sharp spines.
                  | [demonic ancestry]
  1631 | D:2      | Reached XP level 4. HP: 37/37 MP: 4/4
  1889 | D:3      | Found a radiant altar of Vehumet.
  1902 | D:3      | Found a shimmering blue altar of Sif Muna.
  1934 | D:3      | Reached skill level 1 in Armour
  2045 | D:3      | Reached ** piety under Trog
  2046 | D:3      | Gained mutation: You are partially covered in slimy green
                  | scales. (AC +2) [demonic ancestry]
  2046 | D:3      | Reached XP level 5. HP: 36/42 MP: 5/5
  2170 | D:3      | Noticed Ijyb
  2187 | D:3      | Killed Ijyb
  2575 | D:3      | Reached XP level 6. HP: 23/48 MP: 6/6
  3492 | D:4      | Reached skill level 5 in Armour
  3542 | D:4      | Reached skill level 1 in Shields
  3568 | D:4      | Reached XP level 7. HP: 54/54 MP: 7/7
  3648 | D:5      | Entered Level 5 of the Dungeon
  3683 | D:5      | Reached *** piety under Trog
  3768 | D:5      | Noticed Prince Ribbit
  3795 | D:5      | Killed Prince Ribbit
  3796 | D:5      | Reached skill level 5 in Shields
  3805 | D:6      | Reached XP level 8. HP: 23/60 MP: 8/8
  4181 | D:6      | Reached skill level 1 in Axes
  4200 | D:6      | Found a sacrificial altar of Ru.
  4212 | D:6      | Reached skill level 2 in Axes
  4677 | D:5      | Found a staircase to the Ecumenical Temple.
  4937 | D:6      | Reached skill level 3 in Axes
  5045 | D:6      | Reached skill level 4 in Axes
  5066 | D:6      | Reached **** piety under Trog
  5171 | D:6      | Reached skill level 5 in Axes
  5173 | D:6      | Gained mutation: Your touch may inflict minor irresistible
                  | damage on your foes. [demonic ancestry]
  5173 | D:6      | Reached XP level 9. HP: 27/65 MP: 9/9
  5427 | D:6      | Reached skill level 6 in Axes
  5711 | D:7      | Found a hazy altar of Hepliaklqana.
  5730 | D:7      | You fall into a shaft and drop 1 floor!
  5772 | D:7      | Reached skill level 7 in Axes
  5913 | D:7      | Noticed a kobold demonologist
  5914 | D:7      | Noticed a kobold demonologist
  5919 | D:7      | Noticed a red devil
  5924 | D:7      | Noticed a rust devil
  5926 | D:7      | Noticed a sixfirhy
  5928 | D:7      | Killed a kobold demonologist
  5929 | D:7      | Reached skill level 8 in Axes
  5933 | D:7      | Killed a kobold demonologist
  6834 | D:8      | Found a shimmering altar of Xom.
  7046 | D:8      | Paralysed by a hornet for 1 turns
  7052 | D:8      | Reached skill level 5 in Evocations
  7331 | D:8      | Reached XP level 10. HP: 71/71 MP: 10/10
  7443 | D:8      | Reached ***** piety under Trog
  8660 | D:9      | Identified a scroll of acquirement
  8660 | D:9      | Acquired a +2 vampiric broad axe
  8904 | D:9      | Found a staircase to the Orcish Mines.
  8908 | D:9      | Reached skill level 9 in Axes
  9033 | D:9      | Noticed Pikel
  9047 | D:9      | Killed Pikel
  9048 | D:9      | Gained mutation: You regenerate a little health from kills.
                  | [demonic ancestry]
  9048 | D:9      | Reached XP level 11. HP: 64/77 MP: 11/11
  9116 | D:9      | Found an iron altar of Okawaru.
  9149 | D:9      | Identified the +2 hand axe of Defiance {holy, +Blink rF-
                  | Will+ rCorr}
  9339 | D:9      | Received a gift from Trog
  9340 | D:9      | Reached skill level 10 in Axes
  9683 | D:10     | Entered Level 10 of the Dungeon
  9952 | D:10     | Found a staircase to the Lair.
 10110 | D:10     | Noticed a two-headed ogre
 10119 | D:10     | Killed a two-headed ogre
 10301 | D:10     | Gained mutation: You have sharp toenails. [potion of
                  | mutation]
 10302 | D:10     | Lost mutation: You have sharp toenails. [potion of
                  | mutation]
 10302 | D:10     | Gained mutation: You have a somewhat thin skeletal
                  | structure. (Dex +2, Stealth+) [potion of mutation]
 10529 | D:11     | Noticed a seven-headed hydra
 10542 | D:11     | HP: 3/77 [11-headed hydra (8)]
 10927 | D:11     | Noticed Psyche
 10936 | D:11     | Killed Psyche
 10937 | D:11     | Reached skill level 11 in Axes
 11131 | D:11     | Noticed a two-headed ogre
 11136 | D:11     | Noticed a tengu warrior
 11165 | D:11     | HP: 4/115 [two-headed ogre/+0 giant club (16)]
 11167 | D:11     | Slain by a two-headed ogre

Illustrated notes

Levels and vault maps discovered:
D:1:      dpeg_arrival_erosion, layout_basic
D:2:      layout_basic, ebering_ecumenical_altar_mist
D:3:      layout_basic, mainiacjoe_overflow_catwalk_spiral,
          serial_bayou_lagoon_a, chequers_mini_garden, uniq_ijyb
D:4:      layout_loops_cross, kennysheep_nub
D:5:      layout_rooms, elyvilon_altar_1, minmay_temple_entry_sparse_star,
          feat_on_display, uniq_prince_ribbit1
D:6:      layout_rooms, nicolae_ru_great_annihilating_truth
D:7:      layout_basic, mainiacjoe_overflow_cross_hatched, serial_bayou,
          serial_bayou_pond_e, serial_bayou_pond_d, serial_bayou_lagoon_b,
          serial_bayou_shore_b, serial_bayou_ford_a, serial_bayou_pond_a,
          uniq_joseph
D:8:      layout_loops_corners, mainiacjoe_overflow_tiny_flanked
D:9:      layout_irregular_city, okawaru_ov_weapons_minmay,
          kennysheep_orc_monster_closet_entryway, fungi_pond_lemuel, uniq_pikel
D:10:     layout_loops_ring, dpeg_oklobed_lair
D:11:     hangedman_cross_stitches, layout_long_grid, introduction_to_nature_2,
          uniq_psyche

Skill      XL: |  1  2  3  4  5  6  7  8  9 10 11 |
---------------+----------------------------------+-----
Stealth        | 1 2 |  2.0
Fighting       | 3 4 |  4.0
Armour         | 2 3 5 8 |  8.0
Shields        | 1 5 |  5.0
Short Blades   | 3 4 |  4.9
Axes           | 5 8 9 11 | 11.6
Evocations     | 5 6 |  6.0
Throwing       | |  1.7
Dodging        | |  2.6

Action                   |  1- 3 |  4- 6 |  7- 9 | 10-12 || total
-------------------------+-------+-------+-------+-------++-------
Melee: Dagger            |    81 |   138 |   139 |       ||   358
       Rapier            |     6 |       |       |       ||     6
       Punch             |     1 |       |       |       ||     1
       War axe           |       |       |   135 |    82 ||   217
       Broad axe         |       |       |       |   200 ||   200
Throw: Throwing net      |     1 |       |     1 |     2 ||     4
Invok: Trog's Hand       |       |       |     1 |     1 ||     2
       Berserk           |       |       |     1 |       ||     1
  Use: Scroll            |       |     6 |     4 |     8 ||    18
       Potion            |       |       |     5 |     6 ||    11
 Stab: Paralysed         |       |       |     2 |       ||     2
Armor: Leather armour    |     7 |       |       |       ||     7
       Ice dragon scales |    16 |    51 |   141 |   165 ||   373
       Skin              |       |       |       |     1 ||     1
Dodge: Dodged            |    36 |    32 |    90 |   125 ||   283
Block: Kite shield       |    16 |    54 |   251 |   269 ||   590
       Reflection        |       |       |    10 |     3 ||    13

Table legend: (Time is in decaauts)
 A = Elapsed time spent in this place.
 B = Non-inter-level travel time spent in this place.
 C = Inter-level travel time spent in this place.
 D = Time resting spent in this place.
 E = Time spent auto-exploring this place.
 F = Levels seen in this place.
 G = Mean time per level.
                   A        B        C        D        E       F      G
               +--------+--------+--------+--------+--------+-----+--------+
         Total |  11345 |  11002 |    343 |   2532 |   6603 |  11 | 1031.4 |
       Dungeon |  11345 |  11002 |    343 |   2532 |   6603 |  11 | 1031.4 |
               +--------+--------+--------+--------+--------+-----+--------+

Top non-repeatable levels by time:
     D:8: 1590 daAuts
     D:9: 1348 daAuts
     D:6: 1303 daAuts
     D:7: 1254 daAuts
    D:10: 1163 daAuts
     D:1: 1111 daAuts
     D:3: 1019 daAuts
     D:4: 876 daAuts
     D:5: 675 daAuts
     D:2: 655 daAuts
    D:11: 347 daAuts
